 Dungeon Crawl Stone Soup version 0.30-a0-672-gc3a7216ad8 (webtiles) character file.

Game seed: 14740917056962580503

1050 Crownlay the Geomancer (level 8, -3/41 HPs)
             Began as a Gargoyle Earth Elementalist on Jan 18, 2023.
             Was a Follower of Vehumet.
             Engulfed by a cloud of steam (13 damage)
             ... on level 6 of the Dungeon.
             The game lasted 00:08:23 (4698 turns).

Crownlay the Geomancer (GrEE)                       Turns: 4698, Time: 00:08:23

Health: -3/41      AC: 11    Str: 18    XL:     8   Next: 26%
Magic:  6/11       EV: 11    Int: 18    God:    Vehumet [*.....]
Gold:   341        SH:  0    Dex: 10    Spells: 7/11 levels left

rFire   . . .      SeeInvis .    c - +4 scythe (flame)
rCold   . . .      Faith    .    (shield currently unavailable)
rNeg    + . .      Spirit   .    d - +2 robe {Will+}
rPois   ∞          Reflect  .    (no helmet)
rElec   +          Harm     .    h - +0 cloak
rCorr   .          Rampage  .    (no gloves)
Will    +....                    a - +0 pair of boots
Stlth   ++                       (no amulet)
HPRegen 0.26/turn                p - +6 ring of strength
MPRegen 0.12/turn                (no ring)

@: no status effects
A: sickness immunity, AC +5, negative energy resistance 1, electricity
resistance, torment resistance 1, petrification resistance
a: Renounce Religion


You were on level 6 of the Dungeon.
You worshipped Vehumet.
Vehumet was aware of your devotion.
You visited 2 branches of the dungeon, and saw 7 of its levels.
You also visited: Ossuary.

You collected 341 gold pieces.

Inventory:

Hand Weapons
 c - a +4 scythe of flaming (weapon)
Armour
 a - a +0 pair of boots (worn)
 d - a +2 robe of willpower (worn)
 h - a +0 cloak (worn)
 D - +0 steam dragon scales
Jewellery
 p - a +6 ring of strength (left hand)
Wands
 g - a wand of iceblast (8)
 q - a wand of charming (5)
 u - a wand of acid (6)
Scrolls
 i - a scroll of teleportation {unknown}
 n - 2 scrolls of enchant weapon {unknown}
 o - 2 scrolls of blinking {unknown}
 t - 4 scrolls of identify {unknown}
 w - a scroll of fear {unknown}
 y - a scroll of silence {unknown}
 B - a scroll of immolation {unknown}
Potions
 b - a potion of magic
 e - a potion of ambrosia {unknown}
 f - a potion of haste {unknown}
 j - 5 potions of curing {unknown}
 k - 2 potions of invisibility {unknown}
 l - 2 potions of might {unknown}
 m - a potion of brilliance {unknown}
 r - a potion of degeneration {unknown}
 s - a potion of heal wounds {unknown}
 v - a potion of cancellation {unknown}
 x - 3 potions of flight
 z - a potion of lignification {unknown}
 A - 2 potions of berserk rage {unknown}
 C - 2 potions of attraction {unknown}


   Skills:
 - Level 1.5 Dodging
 - Level 2.1 Stealth
 - Level 2.0 Spellcasting
 - Level 0.7 Transmutations
 + Level 11.7 Earth Magic


You had 7 spell levels left.
You knew the following spells:

 Your Spells              Type           Power      Damage    Failure   Level
a - Sandblast             Erth           88%        2d18      1%          1
b - Stone Arrow           Conj/Erth      44%        3d9       4%          3

Your spell library contained the following spells:

 Spells                   Type           Power      Damage    Failure   Level
 Freeze                   Ice            4%         1d3       19%         1
 Passwall                 Tmut/Erth      20%        N/A       1%          2
 Petrify                  Tmut/Erth      24%        N/A       14%         4
 Magic Dart               Conj           4%         1d3       19%         1
 Ensorcelled Hibernation  Hex/Ice        2%         N/A       26%         2
 Searing Ray              Conj           2%         2d4       26%         2
 Dazzling Flash           Conj/Hex       2%         N/A       47%         3
 Swiftness                Air            1%         N/A       47%         3
 Fulminant Prism          Conj/Hex       0%         3d5       87%         4
 Agony                    Necr           1%         N/A       99%         5
 Silence                  Hex/Air        0%         N/A       99%         5


Dungeon Overview and Level Annotations

Branches:
Dungeon (6/15)             Temple (1/1) D:5         Ossuary (visited)

Altars:
Elyvilon
Fedhas
Gozag
Hepliaklqana
Okawaru
Qazlal
Sif Muna
Vehumet
Zin

Shops:
D:4 =


Innate Abilities, Weirdness & Mutations

You are immune to sickness and miasma.
Your stone body is resilient. (AC +5)
You are immune to poison.
You resist negative energy. (rN+)
You are resistant to electric shocks. (rElec)
You are resistant to unholy torment.
You are immune to petrification.


Message History

You feel strong-willed.
Okay, then.
Unknown command.
Things that are here:
a +1 broad axe of pain; the human corpse of Maggie
There is a stone staircase leading down here.
A steam dragon comes into view.
You can't see any susceptible monsters within range! (Use Z to cast anyway.)
The blast of sand hits the steam dragon.
The steam dragon is lightly wounded.
The steam dragon hisses angrily.
The blast of sand hits the steam dragon!!
The steam dragon is almost dead.
The blast of sand misses the steam dragon.
The steam dragon breathes steam at you. The ball of steam hits you!
The steam dragon breathes steam at you. The ball of steam hits you!
You are too injured to fight recklessly!
You are too injured to fight recklessly!
Casting: Sandblast (safe; 1% risk of failure)
Confirm with . or Enter, or press ? or * to list all spells.
Aiming: Sandblast (safe; 1% risk of failure)
Press: ? - help, Shift-Dir - straight line, f/p - steam dragon
Aim: a steam dragon (almost dead, catching its breath, 85% to hit)
The blast of sand misses the steam dragon.
You are engulfed in a cloud of scalding steam.
The steam dragon bites you.
* * * LOW HITPOINT WARNING * * *
The steam dragon claws you but does no damage.
Casting: Sandblast (safe; 1% risk of failure)
Confirm with . or Enter, or press ? or * to list all spells.
Aiming: Sandblast (safe; 1% risk of failure)
Press: ? - help, Shift-Dir - straight line, f/p - steam dragon
Aim: a steam dragon (steam, almost dead, catching its breath, 85% to hit)
The blast of sand hits the steam dragon!!
You kill the steam dragon!
Vehumet accepts your kill.
You are engulfed in a cloud of scalding steam.
You die...

.... ##.# ... ...
.####.######.####
.......>).......#
......#.###.##.##
.#.######.# #....#
.......§..# ###..#
#.####.#.# #..#
#@#.# #..# #§#.#
#..# #.#.# #..#
#.#.# #..#
..#.#####..#
...........#
###.######.#######
#............
.......+.....#######


There were no monsters in sight!

Vanquished Creatures
  Maggie (D:6)
  Sigmund (D:2)
  A steam dragon (D:6)
  A black bear (D:5)
  A scorpion (D:4)
  A water moccasin zombie (Ossuary)
  A wight (D:6)
  2 jellies
  Jessica (D:3)
  A gnoll bouda (D:5)
  An iguana (D:5)
  An orc wizard (D:5)
  2 mummies (Ossuary)
  5 adders
  4 gnolls
  4 adder zombies (Ossuary)
  4 worms
  2 dart slugs
  5 orcs
  12 ball pythons
  2 endoplasms (D:2)
  4 gnoll zombies (Ossuary)
  9 goblins
  3 hobgoblins
  3 jackals (D:2)
  5 quokkas
  4 bats
  A frilled lizard (D:2)
  3 hobgoblin zombies (Ossuary)
  4 kobold zombies (Ossuary)
  An orc zombie (Ossuary)
  5 rats
95 creatures vanquished.

Notes
Turn   | Place    | Note
-------+----------+-------------------------------------------
     0 | D:1      | Crownlay the Gargoyle Earth Elementalist began the quest
                  | for the Orb.
     0 | D:1      | Reached XP level 1. HP: 10/10 MP: 3/3
    72 | D:1      | Reached skill level 4 in Earth Magic
    72 | D:1      | Reached XP level 2. HP: 6/15 MP: 1/5
   451 | D:1      | You fall into a shaft and drop 1 floor!
   541 | D:2      | Reached skill level 5 in Earth Magic
   541 | D:2      | Reached XP level 3. HP: 18/19 MP: 1/6
  1378 | D:2      | Noticed Sigmund
  1625 | D:2      | Learned a level 3 spell: Stone Arrow
  1788 | D:2      | Killed Sigmund
  1789 | D:2      | Reached skill level 7 in Earth Magic
  1789 | D:2      | Reached XP level 4. HP: 9/24 MP: 3/7
  1789 | D:2      | Reached XP level 5. HP: 10/28 MP: 3/8
  1892 | D:3      | Noticed Jessica
  1901 | D:3      | Killed Jessica
  1902 | D:3      | Reached XP level 6. HP: 32/32 MP: 4/9
  1904 | D:3      | Reached skill level 8 in Earth Magic
  2165 | D:3      | Found a stormy altar of Qazlal.
  2539 | D:4      | Found a hazy altar of Hepliaklqana.
  2855 | D:4      | Identified the +5 whip "Vikiho" {antimagic, rF+}
  3050 | D:4      | Found Jeotwig's Jewellery Boutique.
  3105 | D:5      | Entered Level 5 of the Dungeon
  3127 | D:5      | Reached skill level 9 in Earth Magic
  3275 | D:5      | Found a staircase to the Ecumenical Temple.
  3285 | Temple   | Entered the Ecumenical Temple
  3454 | Temple   | Became a worshipper of Vehumet
  3487 | D:5      | Reached XP level 7. HP: 33/36 MP: 8/10
  3757 | D:5      | Found an opulent altar of Gozag.
  3839 | D:5      | Reached skill level 10 in Earth Magic
  3964 | D:5      | Found an iron altar of Okawaru.
  3965 | D:5      | Found a glowing silver altar of Zin.
  3966 | D:5      | Found a white marble altar of Elyvilon.
  4045 | D:6      | Found a sand-covered staircase.
  4132 | Ossuary  | Entered an ossuary
  4329 | Ossuary  | Reached * piety under Vehumet
  4329 | Ossuary  | Offered knowledge of Freeze by Vehumet.
  4503 | D:6      | Noticed Maggie
  4511 | D:6      | HP: 1/36 [Maggie/+1 broad axe of pain (7)]
  4513 | D:6      | Killed Maggie
  4514 | D:6      | Reached skill level 11 in Earth Magic
  4514 | D:6      | Reached XP level 8. HP: 2/41 MP: 1/11
  4698 | D:6      | Engulfed by a cloud of steam

Illustrated notes

Levels and vault maps discovered:
D:1:      dpeg_arrival_ternary, layout_loops_ring, serial_rivers,
          chequers_serial_rivers_micro_e, chequers_serial_rivers_micro_a,
          chequers_serial_rivers_large_a, chequers_serial_rivers_marsh,
          chequers_serial_rivers_micro_a, chequers_serial_rivers_micro_d,
          nicolae_titane
D:2:      layout_rooms, serial_glass, glass_columns_b, glass_columns_c,
          feat_on_display, uniq_sigmund
D:3:      layout_rooms, nicolae_qazlal_general_emergency,
          kennysheep_generic_room_15, uniq_jessica
D:4:      layout_rooms, amcnicky_altar_gilded, serial_shops, nicolae_shop_trees
D:5:      nicolae_cairo_tiling_large_dashed, layout_loops_ring,
          kennysheep_mini_moat, gammafunk_temple_overflow_forgotten,
          minmay_temple_entry_tees
D:6:      layout_basic, enter_ossuary_2, gammafunk_ghost_abyssal_escape,
          uniq_duvessa, uniq_maggie
Temple:   minmay_temple_curvy_branch

Skill      XL: |  1  2  3  4  5  6  7 |
---------------+----------------------+-----
Earth Magic    | 4 5 7 9 11 | 11.7
Dodging        | |  1.5
Stealth        | |  2.1
Spellcasting   | |  2.0
Transmutations | |  0.7

Action                   |  1- 3 |  4- 6 |  7- 9 || total
-------------------------+-------+-------+-------++-------
Melee: Flail             |    12 |       |       ||    12
       Spear             |     3 |       |       ||     3
       Halberd           |       |    13 |     1 ||    14
 Cast: Sandblast         |    47 |    48 |    52 ||   147
       Stone Arrow       |       |       |     4 ||     4
  Use: Potion            |     1 |       |       ||     1
Armor: Robe              |    20 |     8 |     9 ||    37
Dodge: Dodged            |    37 |    14 |    16 ||    67

Table legend: (Time is in decaauts)
 A = Elapsed time spent in this place.
 B = Non-inter-level travel time spent in this place.
 C = Inter-level travel time spent in this place.
 D = Time resting spent in this place.
 E = Time spent auto-exploring this place.
 F = Levels seen in this place.
 G = Mean time per level.
                   A        B        C        D        E       F      G
               +--------+--------+--------+--------+--------+-----+--------+
         Total |   4802 |   4559 |    243 |      0 |   3769 |   8 |  600.2 |
       Dungeon |   4316 |   4143 |    173 |      0 |   3441 |   6 |  719.3 |
        Temple |    132 |     62 |     70 |      0 |     39 |   1 |  132.0 |
       Ossuary |    353 |    353 |      0 |      0 |    289 |   1 |  353.0 |
               +--------+--------+--------+--------+--------+-----+--------+

Top non-repeatable levels by time:
     D:1: 1066 daAuts
     D:2: 874 daAuts
     D:5: 819 daAuts
     D:3: 646 daAuts
     D:4: 586 daAuts
 Ossuary: 353 daAuts
     D:6: 323 daAuts
  Temple: 132 daAuts
